AoeStats
← 1000ei

Arabian Desert

510537524Analyzed
1v1 RM · 1d ago on Oct 1, 2026· 18m 50s· 2 players
Game mode
Random Map
Map size
Tiny (2 player)
Population
200
Speed
Normal
Resources
Standard
Victory
Conquest
Starting age
Dark Age
Ending age
Imperial Age
RankedLock teamsTeams togetherTeam positionsShared explorationLock speedFull tech treeHidden civsTurbo modeCheats
Victory
Defeat
🇦🇷 Portuguese · Argentina
1222
+18
🇦🇷 Bulgarians · Argentina
1258
-18
Chimi Kyle
6:49 Loom
9:15 Feudal Age
9:54 Double-Bit Axe
15:21 Gold Mining
15:59 Fletching
1000ei
7:32 Loom
9:21 Feudal Age
10:52 Double-Bit Axe
12:56 Horse Collar
Connection lost

Rejoining the realm…

Still unreachable

The connection could not be restored.

Session expired

The server has moved on; the page needs a fresh start.